 Dungeon Crawl Stone Soup version 0.27.0-1-g7a089689b8 (webtiles) character file.

Game seed: 9666523849860413891

11769 sasquatch the Bludgeoner (level 11, -4/101 HPs)
             Began as a Minotaur Berserker on Aug 3, 2021.
             Was an Elder of Trog.
             Slain by a guardian serpent (6 damage)
             ... while petrified by a basilisk
             ... on level 2 of the Lair of Beasts.
             The game lasted 00:10:02 (7812 turns).

sasquatch the Bludgeoner (Minotaur Berserker)       Turns: 7812, Time: 00:10:03

Health: -4/101     AC: 15    Str: 26    XL:     11   Next: 53%
Magic:  10/10      EV:  2    Int: 10    God:    Trog [****..]
Gold:   376        SH:  0    Dex: 15    Spells: 10/10 levels left

rFire    . . .     SeeInvis .   r - +0 flail (drain)
rCold    . . .     Faith    .   (no shield)
rNeg     + + +     Spirit   .   f - +1 chain mail {rPois}
rPois    ∞         Reflect  .   (helmet restricted)
rElec    .         Harm     .   m - +0 cloak
rCorr    .         Rampage  .   (no gloves)
Will     .....                  c - +0 pair of boots
Stlth    ..........             (no amulet)
HPRegen  0.26/turn              l - +6 ring of dexterity
MPRegen  0.12/turn              t - +6 ring of intelligence

@: petrified, on berserk cooldown, slowed
A: horns 2, retaliatory headbutt
a: Renounce Religion, Berserk, Trog's Hand, Brothers in Arms


You were on level 2 of the Lair of Beasts.
You worshipped Trog.
Trog was greatly pleased with you.
You visited 2 branches of the dungeon, and saw 11 of its levels.

You collected 376 gold pieces.

Inventory:

Hand Weapons
 r - a +0 flail of draining (weapon)
Missiles
 i - 2 throwing nets (quivered)
 o - a javelin
 w - 19 poisoned darts
Armour
 c - a +0 pair of boots (worn)
 e - a +0 ring mail
 f - a +1 chain mail of poison resistance (worn)
 m - a +0 cloak (worn)
Jewellery
 l - a +6 ring of dexterity (left hand)
 t - a +6 ring of intelligence (right hand)
Wands
 h - a wand of mindburst (12)
Scrolls
 a - a scroll of noise {unknown}
 b - a scroll of vulnerability {unknown}
 d - a scroll of enchant weapon {unknown}
 k - a scroll of blinking {unknown}
 n - 3 scrolls of identify {unknown}
 p - a scroll of holy word {unknown}
 q - a scroll of fear {unknown}
 u - a scroll of enchant armour {unknown}
 v - a scroll of immolation {unknown}
Potions
 g - 4 potions of brilliance {unknown}
 j - 3 potions of degeneration {unknown}
 s - a potion of lignification {unknown}
 x - a potion of cancellation {unknown}
 z - a potion of heal wounds {unknown}
 A - 2 potions of curing {unknown}


   Skills:
 + Level 10.8 Fighting
 - Level 16.0 Maces & Flails
 + Level 10.5 Armour
 - Level 2.1 Dodging


You had 10 spell levels left.
You didn't know any spells.
Your spell library was empty.

Dungeon Overview and Level Annotations

Branches:
Dungeon (8/15)               Lair (3/6) D:8
 Temple: D:4-7        Swamp: Lair:2-4    Shoals: Lair:2-4     Snake: Lair:2-4
 Spider: Lair:2-4

Altars:
Trog
Uskayaw
Zin
The Shining One


Innate Abilities, Weirdness & Mutations

You have a pair of horns on your head.
You reflexively headbutt those who attack you in melee.


Message History

The guardian serpent hits you but does no damage.
The basilisk bites you.
* * * LOW HITPOINT WARNING * * *
The guardian serpent coils itself and waves its upper body at you.
You resist with some effort.
Unknown command.
You closely miss the guardian serpent.
Your headbutt misses the guardian serpent.
The guardian serpent is severely wounded.
The guardian serpent hits you but does no damage.
The basilisk gazes at you. You resist with some effort.
The guardian serpent coils itself and waves its upper body at you.
You feel as though you will be slow longer.
You have turned to stone.
You are no longer berserk.
You feel as though you will be slow longer.
The basilisk bites you.
* * * LOW HITPOINT WARNING * * *
The guardian serpent hits you!
* * * LOW HITPOINT WARNING * * *
The guardian serpent casts a spell at you.
The boulder beetle leaps!
The basilisk bites you!
* * * LOW HITPOINT WARNING * * *
The boulder beetle bites you but does no damage.
The guardian serpent hits you!
* * * LOW HITPOINT WARNING * * *
The basilisk gazes at you.
The boulder beetle bites you but does no damage.
The guardian serpent hits you but does no damage.
The guardian serpent hits you!
* * * LOW HITPOINT WARNING * * *
The basilisk bites you.
* * * LOW HITPOINT WARNING * * *
The boulder beetle bites you but does no damage.
The guardian serpent hits you!
* * * LOW HITPOINT WARNING * * *
The basilisk bites you but does no damage.
The boulder beetle leaps!
The guardian serpent hits you!
You die...

##.#.....##.#....≈≈.....##......
#..#....#≈≈..#..≈≈..≈≈≈ #......
##.##....#≈≈≈≈..≈≈≈≈≈≈≈ #......
#...#.##.#.≈≈≈.≈≈#≈≈≈≈≈ #......
##....P#.#.≈≈≈≈≈##≈≈≈.≈ #......
#.......#.≈≈≈≈≈≈≈≈≈≈≈≈ #......
#.......#≈≈≈≈≈.≈≈≈≈≈.≈ #......
#.......#≈≈≈.S.≈≈..... #......
##.......##≈≈..@○≈≈..#. #......
#.........#≈≈.##l..##.B ##.....
#.........#≈≈.○ ###≈..≈ #.....
##...##P####≈≈.B ..≈≈ #.....
#..## #####≈.... .≈≈ ##.....
##..# ##..###≈#..S ≈# #......
#...###....###..... ##.....
##...##...##.###.[.#### #.....
##..#####..#...######.## ##.....


You could see a boulder beetle (drained), a guardian serpent (drained) and a
basilisk.

Vanquished Creatures
  A boulder beetle (Lair:2)
  A hydra (Lair:1)
  A black mamba (Lair:1)
  2 cane toads
  2 komodo dragons (Lair:1)
  3 polar bears
  A troll (D:8)
  Prince Ribbit (D:6)
  A hornet (D:6)
  9 blink frogs
  17 yaks
  The ghost of ZombieSheep the Ruffian, an amateur DrTm (D:4)
  Menkaure (D:5)
  7 water moccasins
  2 black bears (D:5)
  2 sky beasts (D:6)
  2 ice beasts
  4 ogres (D:6)
  8 wolves
  A kobold brigand (D:4)
  2 bullfrogs
  A gnoll sergeant (D:7)
  3 scorpions
  A wyvern zombie (D:6)
  4 electric eels (D:8)
  2 bullfrog zombies (D:6)
  3 jellies
  3 hounds (D:8)
  3 iguanas
  A gnoll shaman (D:4)
  A killer bee zombie (D:6)
  7 gnolls
  5 adders
  A howler monkey skeleton (D:6)
  A white imp (D:6)
  3 ufetubi
  An orc (D:4)
  3 ball pythons
  An endoplasm (D:4)
  3 goblins
  3 hobgoblins (D:4)
  7 jackals
  A quokka (D:1)
  A bat (D:1)
  A kobold (D:4)
  A rat (D:2)
  A spectral hobgoblin (D:1)
131 creatures vanquished.

Vanquished Creatures (others)
  2 fungi
  3 plants
5 creatures vanquished.

Grand Total: 136 creatures vanquished

Notes
Turn   | Place    | Note
-------+----------+-------------------------------------------
     0 | D:1      | sasquatch the Minotaur Berserker began the quest for the
                  | Orb.
     0 | D:1      | Reached XP level 1. HP: 19/19 MP: 0/0
    95 | D:1      | Found a faded altar of an unknown god.
   118 | D:1      | Reached skill level 4 in Maces & Flails
   315 | D:3      | Reached XP level 2. HP: 26/26 MP: 1/1
   338 | D:4      | Noticed a kobold brigand
   351 | D:4      | Reached skill level 5 in Maces & Flails
   357 | D:4      | Killed a kobold brigand
   358 | D:4      | Reached skill level 6 in Maces & Flails
   358 | D:4      | Reached XP level 3. HP: 9/31 MP: 2/2
   358 | D:4      | Reached XP level 4. HP: 11/39 MP: 3/3
   624 | D:4      | Found a runed translucent door.
   627 | D:4      | Noticed ZombieSheep's ghost (amateur DrTm)
   650 | D:4      | Killed ZombieSheep's ghost
   651 | D:4      | Reached skill level 8 in Maces & Flails
   651 | D:4      | Reached XP level 5. HP: 18/45 MP: 4/4
   894 | D:4      | Reached ** piety under Trog
  1128 | D:4      | Reached XP level 6. HP: 51/51 MP: 5/5
  1173 | D:5      | Entered Level 5 of the Dungeon
  1240 | D:5      | Found a bloodstained altar of Trog.
  1249 | D:5      | Reached skill level 9 in Maces & Flails
  1448 | D:5      | Noticed an ice beast
  1453 | D:5      | Killed an ice beast
  1454 | D:5      | Reached XP level 7. HP: 57/57 MP: 6/6
  1514 | D:5      | Reached skill level 10 in Maces & Flails
  1523 | D:5      | Noticed Menkaure
  1534 | D:5      | Killed Menkaure
  1666 | D:6      | Reached skill level 11 in Maces & Flails
  1798 | D:6      | Found a glowing golden altar of the Shining One.
  1909 | D:6      | Noticed Prince Ribbit
  1920 | D:6      | Killed Prince Ribbit
  1921 | D:6      | Reached XP level 8. HP: 58/64 MP: 7/7
  2365 | D:6      | Reached skill level 12 in Maces & Flails
  2441 | D:6      | Found a glowing silver altar of Zin.
  2577 | D:6      | Reached skill level 13 in Maces & Flails
  2789 | D:6      | Noticed a hornet
  2796 | D:6      | Paralysed by a hornet for 2 turns
  2800 | D:6      | Killed a hornet
  2803 | D:6      | Reached XP level 9. HP: 31/70 MP: 8/8
  2805 | D:6      | Reached skill level 14 in Maces & Flails
  3331 | D:7      | Found a hide-covered altar of Uskayaw.
  3399 | D:8      | Reached skill level 15 in Maces & Flails
  3853 | D:8      | Noticed a troll
  4084 | D:8      | Reached *** piety under Trog
  4150 | D:8      | Killed a troll
  4151 | D:8      | Reached skill level 16 in Maces & Flails
  4731 | D:8      | Reached XP level 10. HP: 78/80 MP: 9/9
  5140 | D:8      | Found a staircase to the Lair.
  5560 | Lair:1   | Entered Level 1 of the Lair of Beasts
  5566 | Lair:1   | Reached skill level 5 in Fighting
  5613 | Lair:1   | Noticed a five-headed hydra
  5619 | Lair:1   | Killed a five-headed hydra
  5620 | Lair:1   | Reached skill level 5 in Armour
  5696 | Lair:1   | Noticed a black mamba
  5700 | Lair:1   | Killed a black mamba
  6034 | Lair:1   | Noticed a cane toad
  6039 | Lair:1   | Killed a cane toad
  6220 | Lair:1   | Reached XP level 11. HP: 53/97 MP: 10/10
  7027 | Lair:2   | Reached skill level 10 in Fighting
  7115 | Lair:2   | Reached skill level 10 in Armour
  7541 | Lair:2   | Noticed a boulder beetle
  7550 | Lair:2   | Reached **** piety under Trog
  7595 | Lair:2   | Killed a boulder beetle
  7785 | Lair:2   | Noticed a boulder beetle
  7786 | Lair:2   | Found the +3 pair of seven-league boots {Rampage+∞}
  7811 | Lair:2   | HP: 2/101 [guardian serpent (4)]
  7812 | Lair:2   | Slain by a guardian serpent

Illustrated notes

Levels and vault maps discovered:
D:1:      nicolae_arrival_somewhat_less_tricky_arrival, layout_loops_cross,
          dreamdust_ecumenical_altar_drowned_temple, serial_shops, shop,
          minmay_misc_feat_more_columns, hangedman_decor_points
D:2:      layout_basic
D:3:      layout_loops_ring, makhleb_altar_promises_db,
          minmay_overflow_temple_star_hex, uniq_crazy_yiuf_cottage, uniq_robin,
          uniq_sigmund
D:4:      kennysheep_the_goblin_king, layout_basic, ebering_ghost_sewer_d
D:5:      layout_cave_pools, trog_ov_bears_minmay,
          minmay_fractal_squares_gapless_5, uniq_menkaure
D:6:      cheibrodos_barr_body, layout_basic, zin_treasury,
          mainiacjoe_overflow_chevrons, nicolae_specific_store,
          uniq_prince_ribbit1
D:7:      layout_basic, nicolae_uskayaw_suspiria, minmay_temple_entry_poolview,
          kennysheep_nondescript
D:8:      layout_loops_ring, erik_lair_island
Lair:1:   layout_regular_city
Lair:2:   wander_river, layout_regular_city, minmay_shoals_entry_hut,
          eino_small_chamber_without_monster,
          hellmonk_guarded_unrand_seven_league_boots
Lair:3:   layout_layer_cave, dummy_snake_entry, basic_altar,
          bobbens_dragon_lair_wall, grunt_megastairs_3, serial_bayou_shore_a,
          lemuel_fruit_tree, infiniplex_staircase_pool

Skill      XL: |  1  2  3  4  5  6  7  8  9 10 11 |
---------------+----------------------------------+-----
Maces & Flails | 4 6 8 9 11 13 16 | 16.0
Fighting       | 4 9 10 | 10.8
Armour         | 3 8 10 | 10.5
Dodging        | |  2.1

Action                   |  1- 3 |  4- 6 |  7- 9 | 10-12 || total
-------------------------+-------+-------+-------+-------++-------
Melee: Mace              |    29 |    57 |       |       ||    86
       Headbutt          |     6 |    10 |    40 |    56 ||   112
       Flail             |       |    20 |   169 |   186 ||   375
Throw: Javelin           |       |       |     4 |     4 ||     8
       Dart              |       |       |       |     1 ||     1
       Throwing net      |       |       |       |     1 ||     1
Invok: Berserk           |     1 |     4 |    10 |     4 ||    19
Armor: Ring mail         |     9 |    33 |    31 |       ||    73
       Animal skin       |     2 |       |       |       ||     2
       Chain mail        |       |       |       |    76 ||    76
Dodge: Dodged            |    36 |    37 |    59 |    56 ||   188
